 Dungeon Crawl Stone Soup version 0.32-a0-834-geaf45d8e21 (webtiles) character file.

Game seed: 3078782152789839288

24 AstroCodex24 the Ducker (level 2, -2/22 HPs)
             Began as a Vampire Gladiator on Mar 26, 2024.
             Slain by Ijyb
             ... wielding a +0 club
              (4 damage)
             ... on level 3 of the Dungeon.
             The game lasted 00:01:15 (333 turns).

AstroCodex24 the Ducker (Vampire Gladiator)          Turns: 333, Time: 00:01:16

Health: -2/22      AC:  4    Str: 13    XL:     2   Next: 79%
Magic:  2/2        EV: 17    Int: 10    God:
Gold:   7          SH:  0    Dex: 15    Spells: 1/1 levels left

rFire   . . .        a - +0 war axe
rCold   . . .        (no shield)
rNeg    . . .        b - +0 leather armour
rPois   .            c - +0 helmet
rElec   .            (no cloak)
rCorr   .            (no gloves)
SInv    +            (no boots)
Will    .....        (no amulet)
Stlth   +            f - +5 ring of evasion
HPRegen 0.43/turn    (no ring)
MPRegen 0.08/turn

%: no passive effects
@: healing quickly
A: alive, fangs 3, see invisible, vampiric 1
a: Exsanguinate


You were on level 3 of the Dungeon.
You visited 1 branch of the dungeon, and saw 3 of its levels.

You collected 7 gold pieces.

Inventory:

Hand Weapons
 a - a +0 war axe (weapon)
Missiles
 d - 3 throwing nets (quivered)
 e - a javelin
Armour
 b - a +0 leather armour (worn)
 c - a +0 helmet (worn)
Jewellery
 f - a +5 ring of evasion (left hand)
Potions
 g - a potion of haste {unknown}


   Skills:
 + Level 2.0 Fighting
 + Level 3.2 Axes
 + Level 1.6 Throwing
 + Level 3.7 Dodging


You had one spell level left.
You didn't know any spells.
Your spell library was empty.

Dungeon Overview and Level Annotations

Branches:
Dungeon (3/15)

Altars:

Annotations:
D:3 Ijyb


Innate Abilities, Weirdness & Mutations

Your natural rate of healing is accelerated.
You have razor-sharp teeth.
You have supernaturally acute eyesight. (SInv)
You are afflicted with vampirism.


Message History

You hit Ijyb but do no damage. Your bite misses Ijyb.
Ijyb screams, "It's all mine!"
Ijyb hits you with a +0 club.
You barely miss Ijyb. You bite Ijyb.
Ijyb is lightly wounded.
Ijyb stops to check on her wand.
Ijyb closely misses you. Ijyb hits you but does no damage.
You hit Ijyb but do no damage. Your bite misses Ijyb.
Ijyb is lightly wounded.
Ijyb barely misses you.
You closely miss Ijyb.
Ijyb is lightly wounded.
Ijyb closely misses you.
You hit Ijyb.
Ijyb is moderately wounded.
Ijyb screams, "Me yet to meet anyone who can outsmart wand!"
Ijyb barely misses you. Ijyb closely misses you.
You closely miss Ijyb.
Ijyb is moderately wounded.
Ijyb zaps a wand.
The puff of flame hits you!
Ouch! That really hurt!
* * * LOW HITPOINT WARNING * * *
You closely miss Ijyb.
Ijyb is moderately wounded.
Ijyb hits you with a +0 club.
* * * LOW HITPOINT WARNING * * *
You hit Ijyb.
Ijyb is moderately wounded.
Ijyb hits you with a +0 club.
* * * LOW HITPOINT WARNING * * *
Ijyb barely misses you.
You closely miss Ijyb.
Ijyb is moderately wounded.
Ijyb hits you with a +0 club.
* * * LOW HITPOINT WARNING * * *
You hit Ijyb but do no damage.
Ijyb is moderately wounded.
Ijyb hits you with a +0 club.
You die...
Ijyb screams, "Time for next experiment!"

.......
.......
.......
.......
.......##
.......<#
........#
.......)###
........g@#
.............#
..........##.#
.......#### #
##..... ######


You could see Ijyb.

Vanquished Creatures
  An adder (D:2)
  A dart slug (D:2)
  A ball python (D:2)
  2 endoplasms (D:2)
  A goblin (D:2)
  2 kobolds
  2 quokkas
  A bat (D:2)
  A rat (D:3)
12 creatures vanquished.

Notes
Turn   | Place    | Note
-------+----------+-------------------------------------------
     0 | D:1      | AstroCodex24 the Vampire Gladiator began the quest for the
                  | Orb.
     0 | D:1      | Reached XP level 1. HP: 16/16 MP: 1/1
    68 | D:2      | Reached XP level 2. HP: 17/22 MP: 2/2
   314 | D:3      | Noticed Ijyb
   331 | D:3      | HP: 1/22 [Ijyb/+0 club (3)]
   333 | D:3      | Slain by Ijyb

Illustrated notes

Levels and vault maps discovered:
D:1:      amcnicky_arrival_gap_in_the_tavern_cellar, layout_basic, serial_shops,
          shop
D:2:      layout_basic, basic_altar, st_stairs_3
D:3:      layout_basic, vehumet_statue, hellmonk_ecumenical_altar_arch_garden,
          uniq_ijyb

Skill      XL: |  1  2 |
---------------+-------+-----
Axes           | 3 |  3.2
Fighting       | 2 |  2.0
Throwing       | |  1.6
Dodging        | |  3.7

Action                     || total
---------------------------++-------
  Melee: War axe           ||    32
         Bite              ||     2
 Armour: Leather armour    ||    24
  Dodge: Dodged            ||    24

Table legend: (Time is in decaauts)
 A = Elapsed time spent in this place.
 B = Non-inter-level travel time spent in this place.
 C = Inter-level travel time spent in this place.
 D = Time resting spent in this place.
 E = Time spent auto-exploring this place.
 F = Levels seen in this place.
 G = Mean time per level.
                   A        B        C        D        E       F      G
               +--------+--------+--------+--------+--------+-----+--------+
         Total |    343 |    343 |      0 |      0 |      0 |   3 |  114.3 |
       Dungeon |    343 |    343 |      0 |      0 |      0 |   3 |  114.3 |
               +--------+--------+--------+--------+--------+-----+--------+

Top non-repeatable levels by time:
     D:2: 316 daAuts
     D:3: 23 daAuts
     D:1: 3 daAuts
